 Dungeon Crawl Stone Soup version 0.32-a0-995-gb4a59205af (webtiles) character file.

Game seed: 1774381608543395031

184 ezpacito the Trooper (level 5, -1/40 (41) HPs)
             Began as a Coglin Chaos Knight on Apr 22, 2024.
             Was a Plaything of Xom.
             Slain by a wight
             ... wielding a +2 falchion of chaos
              (14 damage)
             ... in an ossuary.
             The game lasted 00:03:27 (2014 turns).

ezpacito the Trooper (Coglin Chaos Knight)          Turns: 2014, Time: 00:03:28

HP:   -1/40 (41)    AC: 13    Str: 17    XL:     5   Next: 64%
MP:   5/5           EV:  7    Int: 10    God:    Xom [...*..]
Gold: 109           SH:  0    Dex: 13    Spells: 5/5 levels left

rFire   . . .        a - +1 hand axe (chaos) {Chang}
rCold   . . .        m - +0 spear {Caihong}
rNeg    + . .        d - +5 chain mail of Qazlal's Anger {rN+ Str+3 Int-2}
rPois   .            (no helmet)
rElec   .            (no cloak)
rCorr   .            (no gloves)
SInv    .            (no boots)
Will    .....        (amulet unavailable) Stlth
                     (ring unavailable)
HPRegen 0.26/turn    (ring unavailable)
MPRegen 0.09/turn    (no gizmo)

%: no passive effects
@: attractive, lightly drained
A: off-hand wielding, slow wielding, warmup strikes, no jewellery
a: Invent Gizmo, Renounce Religion


You were in an ossuary.
You worshipped Xom.
You were a favourite toy of Xom.
You visited 1 branch of the dungeon, and saw 4 of its levels.
You also visited: Ossuary.

You collected 109 gold pieces.

Inventory:

Hand Weapons
 a - a +1 hand axe of chaos (weapon) {Chang}
 m - a +0 spear (offhand) {Caihong}
Missiles
 r - 5 javelins (quivered)
 t - 2 boomerangs
Armour
 d - the +5 chain mail of Qazlal's Anger (worn) {rN+ Str+3 Int-2}
   (You acquired it on level 4 of the Dungeon)

   Str+3:     It affects your strength (+3).
   Int-2:     It affects your intelligence (-2).
   rN+:       It protects you from negative energy.
Magical Staves
 k - a staff of fire
 l - a staff of alchemy
Talismans
 o - a serpent talisman
Scrolls
 e - a scroll of poison {unknown}
 i - a scroll of enchant weapon
 n - a scroll of immolation
 p - a scroll of summoning {unknown}
Potions
 b - a potion of magic {unknown}
 f - a potion of mutation {unknown}
 g - 2 potions of resistance {unknown}
 h - a potion of attraction


   Skills:
 * Level 3.6 Fighting
 * Level 3.4(3.7) Axes
 * Level 1.4(2.5) Polearms
 + Level 0.4 Throwing
 * Level 2.4 Armour
 * Level 2.0 Dodging
 + Level 0.9 Stealth
 + Level 0.6 Spellcasting
 + Level 0.3 Fire Magic
 + Level 1.0 Alchemy
 + Level 1.0 Evocations
 + Level 0.3 Shapeshifting


You had 5 spell levels left.
You didn't know any spells.
Your spell library contained the following spells:

 Spells                   Type           Power      Damage    Failure   Level
 Cigotuvi's Dreadful Rot  Necr/Alch/Air  0%         N/A       99%         2
 Static Discharge         Conj/Air       0%         3-3/arc   99%         2
 Airstrike                Air            0%         2d(0-16)  100%        4
 Ignite Poison            Fire/Alch      1%         N/A       100%        4
 Passage of Golubria      Tloc           0%         N/A       100%        4
 Summon Lightning Spire   Summ/Air       0%         N/A       100%        4
 Freezing Cloud           Conj/Ice/Air   0%         6-21      100%        5
 Silence                  Hex/Air        0%         N/A       100%        5
 Lehudib's Crystal Spear  Conj/Erth      0%         10d2      100%        8


Dungeon Overview and Level Annotations

Branches:
Dungeon (4/15)            Ossuary (1/1)
 Temple: D:4-7

Altars:
Fedhas
Kikubaaqudgha


Innate Abilities, Weirdness & Mutations

You can wield a second weapon in your off-hand.
It takes a long time for you to wield or remove held weapons.
Your first few attacks do less damage.
You cannot equip rings or amulets.


Message History

You are now a favourite toy of Xom.
The wight attacks as it pursues you!
The wight hits you with a +2 falchion of chaos.
The wight freezes you.
You take 3 damage, and have 21/41 hp.
Okay, then.
Okay, then.
You hit the wight but do no damage.
You closely miss the wight with your +1 hand axe of chaos.
Your butterfly disappears in a burst of colours!
The wight hits you with a +2 falchion of chaos!
* * * LOW HITPOINT WARNING * * *
You take 14 damage, and have 7/41 hp.
MASSIVE DAMAGE!!
Okay, then.
Okay, then.
It was a potion of attraction.
You feel attractive to monsters.
Xom roars with laughter!
The burial acolyte drones a funeral chant.
The wight is empowered.
The wight hits you but does no damage.
You are lethally poisoned!
The burial acolyte is attracted toward you.
It was a potion of curing.
You feel better.
q - a potion of curing;
p - a scroll labelled XUUXKE CYEROBIB The wight hits you but does no damage.
You regained 5 hp, and now have 12/41 hp.
The wight attacks as it pursues you!
The wight hits you with a +2 falchion of chaos!
* * * LOW HITPOINT WARNING * * *
You partially resist.
You feel drained.
* * * LOW HITPOINT WARNING * * *
The wight freezes you.
* * * LOW HITPOINT WARNING * * *
The burial acolyte misses your butterfly.
You take 11 damage, and have 1/40 hp.
MASSIVE DAMAGE!!
You feel better.
The wight is no longer moving quickly.
Your butterfly disappears in a burst of colours!
The wight hits you with a +2 falchion of chaos!
You die...
Xom guffaws!

*,#♣#.!!!.#♣#.#
*,#z#.//?.#z#.#
#.#♣#.!?!.#♣#.#
#.............#
*#...z....)..p.##
#..'♣#.###b#♣'..#
# ,* ♣.♣z♣.♣.♣.§#
*..#♣#.###b#♣#b.#
........b@pp...#
♣....##'##z...♣#
##### ♣.♣######
###.### #z#.#z#
###.### #.# #'#
#.#


You could see 2 burial acolytes and a wight (strong, ally target).

Vanquished Creatures
  A wight (Ossuary)
  A hound (D:3)
  A mummy (D:4)
  2 adders
  2 adder skeletons (Ossuary)
  7 bats
  3 endoplasms
  2 giant cockroaches
  5 goblins
  6 hobgoblins
  4 jackals (D:1)
  2 quokkas (D:2)
  12 ball pythons
  2 ball python skeletons (Ossuary)
  5 frilled lizards
  A hobgoblin skeleton (Ossuary)
  4 kobolds
  A kobold skeleton (Ossuary)
  2 kobold zombies (D:4)
  3 orc skeletons (Ossuary)
  7 rats
73 creatures vanquished.

Notes
Turn   | Place    | Note
-------+----------+-------------------------------------------
     0 | D:1      | ezpacito the Coglin Chaos Knight began the quest for the
                  | Orb.
     0 | D:1      | Reached XP level 1. HP: 18/18 MP: 1/1
    26 | D:1      | Reached skill level 1 in Dodging
    81 | D:1      | Reached XP level 2. HP: 24/24 MP: 2/2
   400 | D:1      | Reached XP level 3. HP: 29/29 MP: 3/3
   406 | D:1      | XOM: cloud trail
   852 | D:2      | Found an ancient bone altar of Kikubaaqudgha.
   879 | D:2      | Reached skill level 1 in Polearms
  1161 | D:3      | Found a blossoming altar of Fedhas.
  1171 | D:3      | Reached XP level 4. HP: 35/35 MP: 4/4
  1735 | D:4      | Identified a scroll of acquirement
  1735 | D:4      | Acquired the +5 chain mail of Qazlal's Anger {rN+ Str+3
                  | Int-2}
  1812 | D:4      | Reached XP level 5. HP: 41/41 MP: 5/5
  1832 | D:4      | Found a sand-covered staircase.
  1839 | Ossuary  | Entered an ossuary
  1873 | Ossuary  | XOM: divination: detect creatures
  1965 | Ossuary  | Noticed a laughing skull
  1976 | Ossuary  | Noticed a laughing skull
  1978 | Ossuary  | Noticed a laughing skull
  1978 | Ossuary  | XOM: divination: magic mapping
  1979 | Ossuary  | Noticed a laughing skull
  1990 | Ossuary  | Reached skill level 1 in Alchemy
  1990 | Ossuary  | Reached skill level 1 in Evocations
  2000 | Ossuary  | XOM: enchant monster (good)
  2009 | Ossuary  | XOM: chaos upgrade
  2013 | Ossuary  | HP: 1/40 [wight/+2 falchion of chaos (3)]
  2014 | Ossuary  | Slain by a wight

Illustrated notes

Levels and vault maps discovered:
D:1:      dpeg_arrival_tiny_e, layout_basic, kennysheep_small_spiral,
          minmay_surrounded
D:2:      layout_rooms, basic_altar, minmay_tetromino_s4
D:3:      layout_basic, nicolae_overflow_crystal_walls
D:4:      layout_loops_ring, mainiacjoe_overflow_chevrons,
          nicolae_yredelemnul_corpse_copse, nicolae_ossuary_entry_giza
Ossuary:  ossuary_due_cavern

Skill      XL: |  1  2  3  4  5 |
---------------+----------------+-----
Dodging        | 1 2 |  2.0
Armour         | 2 |  2.4
Polearms       | 1 |  1.4
Alchemy        | 1 |  1.0
Evocations     | 1 |  1.0
Fighting       | |  3.6
Axes           | |  3.4
Throwing       | |  0.4
Stealth        | |  0.9
Spellcasting   | |  0.6
Fire Magic     | |  0.3
Shapeshifting  | |  0.3

Action                     |  1- 3 |  4- 6 || total
---------------------------+-------+-------++-------
  Melee: Hand axe          |    81 |    52 ||   133
         Dagger            |    53 |       ||    53
         Spear             |    31 |    55 ||    86
    Use: Scroll            |       |     5 ||     5
         Potion            |       |     3 ||     3
   Stab: Sleeping          |     1 |       ||     1
 Armour: Leather armour    |    56 |       ||    56
         Chain mail        |       |    38 ||    38
  Dodge: Dodged            |    50 |    11 ||    61

Table legend: (Time is in decaauts)
 A = Elapsed time spent in this place.
 B = Non-inter-level travel time spent in this place.
 C = Inter-level travel time spent in this place.
 D = Time resting spent in this place.
 E = Time spent auto-exploring this place.
 F = Levels seen in this place.
 G = Mean time per level.
                   A        B        C        D        E       F      G
               +--------+--------+--------+--------+--------+-----+--------+
         Total |   2023 |   1837 |    186 |      0 |   1382 |   5 |  404.6 |
       Dungeon |   1847 |   1661 |    186 |      0 |   1271 |   4 |  461.8 |
       Ossuary |    175 |    175 |      0 |      0 |    111 |   1 |  175.0 |
               +--------+--------+--------+--------+--------+-----+--------+

Top non-repeatable levels by time:
     D:1: 678 daAuts
     D:3: 598 daAuts
     D:2: 461 daAuts
 Ossuary: 175 daAuts
     D:4: 108 daAuts
